[Event "Susha Chess Blitz Women 2022"]
[Site "Shusha"]
[Date "2022.09.24"]
[Round "8"]
[White "Dzagnidze, Nana"]
[Black "Zawadzka, Jolanta"]
[Result "0-1"]
[ECO "D31"]
[WhiteElo "2526"]
[BlackElo "2401"]
[Annotator "TA"]
[PlyCount "108"]
[EventDate "2022.09.24"]
[EventType "tourn"]
[EventCountry "AZE"]
[SourceTitle "playchess.com"]
[Source "ChessBase"]
[SourceQuality "1"]
[TimeControl "180+2"]

1. c4 e6 2. Nc3 d5 3. d4 c6 4. cxd5 exd5 5. Qc2 Ne7 6. Bf4 {[%emt 0:00:11] D31: Queen's Gambit Declined: Semi-Slav without ...Nf6 (+ Marshall Gambit and Noteboom) and Exchange Variation lines without ...Nf6.} Bf5 7. Qb3 Qb6 8. Qxb6 {[%emt 0:00:38] The position is equal.} axb6 {[%emt 0:00:02] [#]} 9. e3 $146 ({Predecessor:} 9. f3 b5 10. g4 Be6 11. e3 b4 12. Nd1 h5 13. gxh5 Rxh5 14. Bd3 Nf5 15. Ne2 {1-0 (33) Grosse Frintrop,G (1945)-Roth,M (2146) Germany 2015}) 9... Ng6 10. Bxb8 Rxb8 11. Kd2 Bd6 12. Bd3 Ne7 13. Nge2 Kd7 14. f3 Bxd3 15. Kxd3 f5 16. a4 Rhe8 17. h3 Ra8 18. g4 g6 19. b3 Rf8 20. f4 Bc7 21. Ng1 Rae8 (21... h6 $11) 22. Nf3 Nc8 23. Rag1 Nd6 24. Ne5+ Ke6 25. h4 (25. Rg2 $14 {deserves consideration.}) 25... fxg4 $11 26. Rxg4 Rf5 $1 27. h5 gxh5 (27... Rxh5 $11 {keeps the balance.} 28. Rxh5 gxh5) 28. Rg7 $36 {[%emt 0:00:05][%mdl 2048] Keeping Black busy.} Re7 29. Rg2 ({White should try} 29. Rg8 $1 $16) 29... Ne8 (29... Bd8 $1 $11) 30. Ne2 {[%emt 0:00:03] Pair of Knights!} Rg7 (30... Nd6 $16) 31. Rxg7 $18 Nxg7 32. Ng3 $1 Rf8 33. Nxh5 Nf5 34. Nf3 $2 (34. Rg1 $1 $18) 34... h6 (34... Rg8 $11 {remains equal.}) 35. Ne5 $2 (35. Rg1 $16) 35... Rg8 $1 $11 36. Rh3 {[%emt 0:00:02] [#]} (36. Re1 $11) 36... Rg2 $1 $17 37. Rh1 (37. Nf3 $17) 37... c5 38. dxc5 bxc5 {[%emt 0:00:01] aiming for ...Rb2.} ({Reject} 38... Bxe5 $6 39. fxe5 Kxe5 40. cxb6 $11) 39. Rh3 $2 {[%emt 0:00:00][%mdl 8192] Loses the game.} (39. e4 $17 dxe4+ 40. Kxe4) 39... Rb2 40. Kc3 {[%emt 0:00:02] [#]} Ra2 41. Nf3 Ba5+ 42. Kd3 Rb2 ({Don't blunder} 42... c4+ $2 43. bxc4 Ra3+ 44. Kc2 $19) 43. Ng3 Rxb3+ 44. Kc2 (44. Ke2 $142 Rxe3+ 45. Kf2) 44... Rc3+ 45. Kb2 Nxe3 46. Rxh6+ Kd7 47. Ne5+ Kc7 {[%emt 0:00:00] And now ...Nd1+ would win.} 48. Ne2 $2 (48. Rh7+ Kb6 49. Nd7+ Ka7 50. Kb1) 48... Rc2+ $19 49. Kb3 Rxe2 50. Rh7+ Kb8 51. Nd7+ Ka7 52. Nxc5 Nc4 53. Nd3 Re3 54. Kc2 Na3+ {Weighted Error Value: White=0.65/Black=0.36} 0-1

[Event "Susha Chess Blitz Women 2022"]
[Site "Shusha"]
[Date "2022.09.24"]
[Round "8"]
[White "Mammadzada, Gunay"]
[Black "Mammadova, Gulnar"]
[Result "1-0"]
[ECO "C07"]
[WhiteElo "2473"]
[BlackElo "2382"]
[Annotator "TA"]
[PlyCount "71"]
[EventDate "2022.09.24"]
[EventType "tourn"]
[EventCountry "AZE"]
[SourceTitle "playchess.com"]
[Source "ChessBase"]
[SourceQuality "1"]
[TimeControl "180+2"]

1. e4 e6 2. d4 d5 3. Nd2 c5 4. exd5 Qxd5 5. dxc5 Bxc5 6. Ngf3 Nf6 7. Bc4 Qc6 {[%emt 0:00:01] C07: French Tarrasch: 3...c5, 4 Ngf3 and 4 exd5 Qxd5.} 8. a4 O-O 9. O-O a6 {[%emt 0:00:02] The position is equal.} 10. Qe2 Nbd7 11. a5 b5 12. axb6 Bxb6 13. Nb3 Bb7 14. Na5 Bxa5 15. Rxa5 {[%emt 0:00:01] [#]} e5 $146 (15... Qc7 $11 16. Bd2 Rfc8) ({Predecessor:} 15... Rfc8 16. b3 Nb6 17. Bd3 Nbd5 18. Bd2 Rd8 19. Rfa1 Nc7 20. Bg5 Rd5 21. Bxf6 gxf6 {0-1 (29) Samudin,E (1623)-Sviridova,V (2069) Pune 2014}) 16. Be3 Rac8 17. Bb3 {[%emt 0:00:06] A strong pair of Bishops.} ({Reject} 17. Bxa6 $6 Bxa6 18. Rxa6 Qxc2 19. Qxc2 Rxc2 $11) 17... Ng4 18. h3 Nxe3 19. Qxe3 h6 (19... Qg6 $11) 20. c3 {[%emt 0:00:17] White is much more active.} ({Better is} 20. Rd1 $16) 20... Qc7 $14 21. Raa1 Rce8 22. Nh4 Qb6 $2 {[%emt 0:00:12][%mdl 8192] [#]} (22... Nc5 $11 {and Black has nothing to worry.} 23. Bc2 Ne6) 23. Qxb6 $18 Nxb6 24. Ng6 $1 e4 25. Nxf8 Kxf8 26. Rfd1 Ke7 27. Rd4 {[%emt 0:00:01] [#] And now Rb4 would win. White is clearly winning.} Nd7 (27... Rb8 $142 28. Ra5 f6) 28. Ba4 Nc5 29. Bxe8 Kxe8 30. Rad1 Ke7 31. b4 Nd3 32. R1xd3 exd3 33. Rxd3 Ke6 34. c4 f5 35. Rd8 g5 36. c5 {[%emt 0:00:00] Weighted Error Value: White=0.35/Black=0.50} 1-0

[Event "Susha Chess Blitz Women 2022"]
[Site "Shusha"]
[Date "2022.09.24"]
[Round "8"]
[White "Arabidze, Meri"]
[Black "Beydullayeva, Govhar"]
[Result "1-0"]
[ECO "E15"]
[WhiteElo "2422"]
[BlackElo "2346"]
[Annotator "TA"]
[PlyCount "59"]
[EventDate "2022.09.24"]
[EventType "tourn"]
[EventCountry "AZE"]
[SourceTitle "playchess.com"]
[Source "ChessBase"]
[SourceQuality "1"]
[TimeControl "180+2"]

1. d4 Nf6 2. c4 e6 3. Nf3 b6 4. g3 Ba6 5. Qa4 Bb7 6. Bg2 c5 7. dxc5 bxc5 8. O-O Qb6 9. Nc3 Be7 10. Rd1 O-O $1 11. Qb5 {[%emt 0:00:19] E15: Queen's Indian: 4 g3 sidelines, 4 g3 Ba6 and 4 g3 Bb7 early deviations.} Nc6 12. Bf4 {[%emt 0:00:11] [#]} d5 $146 (12... Rfd8 $14) ({Predecessor:} 12... Na5 13. Qxb6 axb6 14. b3 d5 15. Ne5 Rfd8 16. Rac1 h6 17. h4 Bd6 18. cxd5 exd5 {½-½ (47) Nabaty,T (2597)-Navara,D (2728) Baku 2015}) 13. Qxb6 $16 {[%emt 0:00:27] White is better.} ({Much worse is} 13. cxd5 Qxb5 14. Nxb5 Nxd5 $11) 13... axb6 14. cxd5 exd5 15. Nxd5 Nxd5 16. Rxd5 {[%emt 0:00:01] [#] Hoping for Rd7.} Bf6 17. Rd7 Bc8 (17... Na5 $142) 18. Rd6 $36 {[%emt 0:00:01][%mdl 2048] White has strong initiative.} ({Don't take} 18. Rd2 Ra6 $16) 18... Nb4 19. Ne5 Rxa2 20. Rxa2 Nxa2 21. Rxb6 {[%emt 0:00:02][%cal Oe5f7] And now Nxf7! would win. White has more active pieces. The black rooks are badly placed.} Re8 (21... Nb4 $16 22. Nc6 Nxc6) 22. Rb8 $18 g5 (22... Nc1 $142) 23. Bd5 Rd8 $2 {[%emt 0:00:15] [#]} (23... Bxe5 $16 24. Bxe5 Nb4) 24. Bxf7+ Kg7 25. Bxa2 gxf4 26. Nd3 (26. gxf4 $142 {Black must now prevent e4.} Bh3 27. Rxd8 Bxd8 28. f3) 26... fxg3 (26... f3 {keeps fighting.} 27. exf3 Rxd3 28. Rxc8 Bd4 29. Rc7+ Kf6 30. Rc6+ (30. Rxh7 Rd2 $16) 30... Kg7 31. Rc7+ Kf6 32. Rxh7 Rd2) 27. hxg3 Ba6 $2 (27... Be7 28. Bc4 Kf8) 28. Rxd8 {[%emt 0:00:02] White is clearly winning.} Bxd8 29. Nxc5 Bxe2 30. Ne6+ {[%emt 0:00:01] Black got outplayed after the opening.  Weighted Error Value: White=0.48/Black=0.68} 1-0

[Event "Susha Chess Blitz Women 2022"]
[Site "Shusha"]
[Date "2022.09.24"]
[Round "8"]
[White "Fataliyeva, Ulviyya"]
[Black "Efroimski, Marsel"]
[Result "0-1"]
[ECO "A06"]
[WhiteElo "2408"]
[BlackElo "2462"]
[Annotator "TA"]
[PlyCount "18"]
[EventDate "2022.09.24"]
[EventType "tourn"]
[EventCountry "AZE"]
[SourceTitle "playchess.com"]
[Source "ChessBase"]
[SourceQuality "1"]
[TimeControl "180+2"]

1. Nf3 d5 2. g3 Nc6 3. d4 Bf5 4. Bg2 Nb4 5. Na3 e6 6. c3 {[%emt 0:00:08] D02: 1 d4 d5 2 Nf3 sidelines, including 2...Nf6 3 g3 and 2...Nf6 3 Bf4.} Nc6 7. O-O Bxa3 8. bxa3 Nf6 {[%emt 0:00:01] [#]} 9. Rb1 $146 {[%emt 0:00:01][%mdl 8192] [#]} ({Predecessor:} 9. Nh4 Bg6 10. Nxg6 hxg6 11. Rb1 Na5 12. Bg5 O-O 13. e4 dxe4 14. Bxe4 c6 15. Qf3 {1-0 (24) Khismatullin,D (2651)-Bartel,M (2622) Berlin 2015}) 9... Bxb1 {[%emt 0:00:01] White did not feel at home in the position after the opening.  Weighted Error Value: White=1.97/Black=0.00 (flawless)} 0-1

[Event "Susha Chess Blitz Women 2022"]
[Site "Shusha"]
[Date "2022.09.24"]
[Round "8"]
[White "Ozturk Orenli, Kubra"]
[Black "Balajayeva, Khanim"]
[Result "0-1"]
[ECO "D26"]
[WhiteElo "2319"]
[BlackElo "2379"]
[Annotator "TA"]
[PlyCount "94"]
[EventDate "2022.09.24"]
[EventType "tourn"]
[EventCountry "AZE"]
[SourceTitle "playchess.com"]
[Source "ChessBase"]
[SourceQuality "1"]
[TimeControl "180+2"]

1. d4 d5 2. c4 dxc4 3. Nf3 Nf6 4. e3 e6 5. Bxc4 a6 6. O-O b5 7. Bd3 Bb7 8. Qe2 {[%emt 0:00:14] D26: Queen's Gambit Accepted: 4 e3 e6 5 Bxc5 c5 sidelines.} Nbd7 9. a4 b4 10. Nbd2 {[%emt 0:00:03][%cal Bb1d2,Bd2c4,Bc4e5][%mdl 32] White is slightly better.} c5 11. a5 Be7 12. Nc4 O-O 13. Rd1 Qc7 14. Bd2 cxd4 15. exd4 Nd5 {[%emt 0:00:20] [#]} 16. Nce5 $146 ({Predecessor:} 16. Nfe5 Nxe5 17. dxe5 Bc5 18. Rac1 Qe7 19. Nd6 Bxd6 20. exd6 Qxd6 21. Rc4 f5 22. Bc2 {½-½ (65) Martinovic,S (2554)-Levin,G (2332) Terme Catez 2022}) 16... N7f6 17. Rdc1 Qd6 18. Nc4 Qb8 19. Nfe5 Bd8 {[%emt 0:00:21] Prevents Nb6.} (19... Qa7 $11) 20. Bb1 (20. g4 $142 $1 {[%cal Rg4g5] Strongly threatening g5.} Bc7 21. g5) 20... Bc7 21. Qd3 Rd8 {[%emt 0:00:16] Against Nd7} (21... Qd8 $14 {feels stronger.}) 22. Bg5 (22. Qh3 $16) 22... h6 $11 23. Bxf6 Nxf6 24. Bc2 Qa7 25. Rd1 Be4 {[%emt 0:00:02] A strong pair of Bishops.} 26. Qe2 {[%emt 0:00:03] [#]} Bxc2 ({But not} 26... Rxd4 27. Rxd4 Bxc2 28. Nc6 $16) 27. Qxc2 Bxe5 (27... Rxd4 $15 28. Rxd4 Qxd4) 28. dxe5 Nd5 29. Nd6 Rab8 (29... Rd7 $1 $11 {keeps the balance.}) 30. Rac1 $16 Qe7 31. h3 ({White should play} 31. Qe2 $16) 31... Qg5 32. Qe4 b3 33. Rc6 Rb4 34. Qf3 Rf4 35. Qg3 (35. Qe2 $14 {stays ahead.}) 35... Qxe5 $17 36. Nc4 Qf6 (36... Qe2 $17 37. Rxd5 exd5 38. Qxf4 dxc4 39. Rxc4 g5) 37. Rxa6 $2 (37. Rd2 $15) 37... Rxc4 $19 38. Ra7 Qxb2 39. a6 Qe2 40. Rb1 b2 41. Qa3 Rc1+ 42. Rxc1 bxc1=Q+ (42... Nf4 $142 43. Ra8 Rxa8 44. Qc5 Qe4 45. f3 Qe2 46. Rc2 b1=Q+ 47. Kh2 Qexc2 48. Kg3 Qxc5 49. h4 Qg6+ 50. Kxf4 e5#) 43. Qxc1 Qb5 44. Qc2 (44. Qf1 $142 Qc6 45. Qd3) 44... Nf4 {[%emt 0:00:03] ( -> ...Qd5)} 45. Qe4 {[%emt 0:00:02] [#]} Nd5 $2 (45... Nxh3+ $1 $19 46. gxh3 Rd1+ 47. Kh2 Qb8+ 48. Rc7 Qxc7+ 49. Kg2 Qa7) 46. Qf3 $2 (46. Qc2 $11 Nf4 47. Rc7) 46... Qb1+ 47. Kh2 Qb8+ {[%emt 0:00:01] Weighted Error Value: White=1.14/Black=0.50} 0-1

[Event "Susha Chess Blitz Women 2022"]
[Site "Shusha"]
[Date "2022.09.24"]
[Round "9"]
[White "Mammadzada, Gunay"]
[Black "Zawadzka, Jolanta"]
[Result "1-0"]
[ECO "B32"]
[WhiteElo "2473"]
[BlackElo "2401"]
[Annotator "TA"]
[PlyCount "69"]
[EventDate "2022.09.24"]
[EventType "tourn"]
[EventCountry "AZE"]
[SourceTitle "playchess.com"]
[Source "ChessBase"]
[SourceQuality "1"]
[TimeControl "180+2"]

1. e4 c5 2. Nf3 Nc6 3. d4 cxd4 4. Nxd4 e5 5. Nb5 d6 6. N1c3 a6 7. Na3 Be7 8. Nc4 b5 {[%emt 0:00:11] B32: Sicilian: Löwenthal and Kalashnikov Variations.} 9. Ne3 ({Reject} 9. Qd5 Bb7 10. Ne3 Nf6 $11) 9... Nf6 10. g3 h5 {[%emt 0:00:05] The position is equal.} 11. h4 Nd4 12. Bg2 Be6 13. Ncd5 {[%emt 0:00:19] [#]} Rc8 $146 ({Better is} 13... Nxd5 $14 14. Nxd5 Bxd5 15. exd5 g6) ({Predecessor:} 13... Nxd5 14. Nxd5 Bxd5 15. exd5 g6 16. c3 Nf5 17. a4 O-O 18. Qd3 Rb8 19. axb5 axb5 {½-½ (39) So,W (2754)-Carlsen,M (2861) Abidjan 2019}) 14. c3 $16 Nc6 15. O-O {[%emt 0:01:02] White is more active.} Ng4 16. a4 Bxd5 (16... b4 $16 17. f3 (17. cxb4 Bxh4 18. Nf5 Bxf5 $16) 17... Nf6) 17. exd5 Nxe3 18. Bxe3 Na5 19. axb5 axb5 20. Qd3 ({White should play} 20. b3 $18) 20... Nc4 21. Bc1 g5 $2 {[%emt 0:00:07] [#]} (21... Rb8 $16 22. b3 Nb6 23. Qxb5+ Nd7) 22. b3 $18 Nb6 23. Qxb5+ Nd7 24. Ra7 Rb8 $2 (24... gxh4 25. Be3 hxg3) 25. Qa4 f5 26. Bxg5 Bxg5 27. hxg5 Rh7 28. g6 Rg7 29. Bf3 Qg5 $2 (29... Kf8 {was necessary.} 30. Ra1 (30. Bxh5 Nc5 $18) 30... Nb6) 30. Qc6 Qxg6 31. Kg2 {[%emt 0:00:08] And now Rh1 would win. Chess con chili.} Rd8 32. Rb7 $2 {[%emt 0:00:02] [#]} ({White must play} 32. Rh1 $18 Rh7 33. Rh4) 32... h4 (32... e4 $1 $17 33. Bd1 f4) 33. Rh1 $11 hxg3 (33... Rh7 $11) 34. Bh5 gxf2+ 35. Kxf2 {[%emt 0:00:01] Weighted Error Value: White=0.62/Black=0.70} 1-0

[Event "Susha Chess Blitz Women 2022"]
[Site "Shusha"]
[Date "2022.09.24"]
[Round "9"]
[White "Arabidze, Meri"]
[Black "Efroimski, Marsel"]
[Result "1-0"]
[ECO "A06"]
[WhiteElo "2422"]
[BlackElo "2462"]
[Annotator "TA"]
[PlyCount "94"]
[EventDate "2022.09.24"]
[EventType "tourn"]
[EventCountry "AZE"]
[SourceTitle "playchess.com"]
[Source "ChessBase"]
[SourceQuality "1"]
[TimeControl "180+2"]

1. Nf3 d5 2. g3 Nc6 3. d4 Bf5 4. Bg2 Nb4 5. Na3 e6 6. O-O Be7 7. c3 {[%emt 0:00:08][%cal Bc2c3,Bc3c4][%mdl 32] D02: 1 d4 d5 2 Nf3 sidelines, including 2...Nf6 3 g3 and 2...Nf6 3 Bf4.} Nc6 8. Nb1 Nf6 9. Nbd2 {[%emt 0:00:06] The position is equal.} h6 10. b3 {[%emt 0:00:08] [#]} Ne4 $146 ({Predecessor:} 10... O-O 11. Bb2 Nb8 12. c4 c6 13. Ne5 Na6 14. Rc1 Nc7 15. e3 Nce8 16. Qe2 Nc7 17. f3 Bh7 18. e4 Nd7 19. Nxd7 Qxd7 {0-1 (66) Schmitz,M (1914)-Guerreiro,N (2083) Ferreira do Alentejo 2019}) 11. Bb2 O-O 12. c4 Nxd2 13. Qxd2 Be4 14. Rac1 a5 15. a3 a4 16. b4 dxc4 17. Rxc4 Qd5 18. Rfc1 Rfd8 19. Ne1 Bg5 20. f4 {[%emt 0:00:22] [#] Strongly threatening Rc5.} Bf6 {[%emt 0:00:05] And now ...Bxg2 would win.} 21. e3 Bxg2 22. Qxg2 Qxg2+ 23. Kxg2 Rd5 24. Nd3 e5 $2 (24... Bd8 $16 {was necessary.}) 25. fxe5 Nxe5 26. dxe5 (26. Nxe5 $18 Bxe5 27. R1c2 (27. dxe5 Rd2+ 28. Kf3 Rxb2 $16) (27. e4 Rdd8 $16)) 26... Rxd3 $11 27. exf6 Rd2+ 28. Kf3 Rxb2 29. Rxc7 $14 {[%emt 0:00:01][%mdl 4096] Endgame KRR-KRR} Rb3 30. Rxb7 gxf6 31. Rcc7 Re8 $2 {[%emt 0:00:01] Black is on the road to losing.} (31... Rf8 $1 $11 {and Black has nothing to worry.}) 32. Rxf7 $18 Rbxe3+ (32... Rxa3 $142 33. Rg7+ (33. Rxf6 Raxe3+ 34. Kf4 a3 $16) 33... Kh8) 33. Kg4 R8e4+ $2 (33... R8e5 34. Rg7+ Kh8 35. Rh7+ Kg8 36. Rbg7+ Kf8) 34. Kh5 {[%emt 0:00:15] [#] Rg7+ would kill now.} Re2 35. Rg7+ Kf8 36. h4 (36. Kg6 Rg4+ 37. Kh7 Rxg7+ 38. Rxg7 Rxh2 $16) 36... R2e3 37. Rbf7+ Ke8 38. Ra7 Kf8 39. Rgf7+ (39. Kxh6 $142 f5 40. Kh7 Rg4 41. Ra8+ Re8 42. Rxg4 Rxa8 43. Rg8+ Kf7 44. Rxa8) 39... Ke8 40. Rfb7 (40. Rh7 $142 Re7 41. Rhxe7+ Rxe7 42. Rxe7+ Kxe7 43. Kxh6 Kf7 44. h5 Ke6 45. Kg6) 40... Kf8 {[%emt 0:00:03] White is clearly winning.} 41. Rb8+ Re8 42. Rxe8+ Kxe8 43. Rxa4 Rxg3 44. Kxh6 {[%emt 0:00:01] KR-KR} f5 45. b5 Rg4 46. Ra8+ ({Not} 46. Rxg4 $2 fxg4 47. Kh7 g3 $19) 46... Ke7 47. Kh5 (47. b6 $142 Kd6 48. b7 Ke5 49. b8=Q+ Ke4 50. Qb1+ Kf4 51. Qe1 Rg3 52. Qf2+ Ke5 53. Qxg3+ f4 54. Qd3 f3 55. Kg5 Ke6 56. Re8+ Kf7 57. Qg6#) 47... Rg3 {[%emt 0:00:00] Weighted Error Value: White=0.22 (precise) /Black=0.67} 1-0

[Event "Susha Chess Blitz Women 2022"]
[Site "Shusha"]
[Date "2022.09.24"]
[Round "9"]
[White "Fataliyeva, Ulviyya"]
[Black "Balajayeva, Khanim"]
[Result "1/2-1/2"]
[ECO "A06"]
[WhiteElo "2408"]
[BlackElo "2379"]
[Annotator "TA"]
[PlyCount "116"]
[EventDate "2022.09.24"]
[EventType "tourn"]
[EventCountry "AZE"]
[SourceTitle "playchess.com"]
[Source "ChessBase"]
[SourceQuality "1"]
[TimeControl "180+2"]

1. Nf3 d5 2. g3 Nf6 3. Bg2 c6 4. O-O Bf5 5. d4 e6 6. Nbd2 h6 7. c4 Be7 8. Ne5 {[%emt 0:00:04] D11: Slav Defence: 3 Nf3 sidelines and 3...Nf6 4 e3 Bg4.} O-O 9. b3 a5 10. Bb2 a4 11. Rc1 Nbd7 {[%emt 0:00:28] [#]} 12. h3 $146 ({Predecessor:} 12. Bc3 axb3 13. axb3 Ra2 14. b4 Qa8 15. Re1 Rd8 16. cxd5 cxd5 17. Qb3 Qa3 18. b5 Nxe5 19. dxe5 {0-1 (45) Gunina,V (2506)-Najer,E (2626) Moscow 2013}) 12... Bh7 13. f4 axb3 14. axb3 Ra2 15. Bc3 Nxe5 16. fxe5 Nd7 17. e4 dxe4 18. Bxe4 Bg5 19. Bxh7+ (19. Rc2 {keeps more tension.} Rxc2 20. Qxc2 Bxe4 21. Nxe4 c5 22. dxc5 Nxc5 23. Nd6) 19... Kxh7 20. Rc2 Rxc2 21. Qxc2+ Kg8 22. Ne4 Nb6 23. Qf2 {[%emt 0:00:12] White has more active pieces.} Be7 $2 (23... Nd7 $14) 24. Ba5 $18 c5 $2 (24... f6 25. exf6 Bxf6) 25. Nd6 Bxd6 26. exd6 Qxd6 27. dxc5 Qd3 28. cxb6 ({Not} 28. Bxb6 Qxb3 29. Qf3 Qxf3 30. Rxf3 f6 $18) 28... Qxb3 29. c5 e5 30. Bd2 Rd8 31. Be3 Rd3 32. Re1 f5 33. Kg2 Qd5+ 34. Qf3 {[%emt 0:00:02] [#] Threatens to win with Qxd5+.} e4 35. Qf4 Rb3 36. Re2 Qd3 37. Qf2 (37. Rd2 $142 Qxd2+ 38. Bxd2) 37... Qd5 38. Rd2 Rd3 39. Rxd3 exd3+ 40. Kh2 g6 (40... h5 $142 41. Bd2 Kh7) 41. Bxh6 (41. Qg2 $142 Qe6 42. Bxh6) 41... Qc4 42. Bd2 (42. Qb2 $142 Kf7 43. Qg7+ Ke8 44. Qe5+ Kf7 45. Qc7+ Ke8 46. Qc8+ Ke7 47. Qxb7+ Ke8 48. Qc6+ Ke7 49. b7) 42... Kf7 43. Qe3 {[%emt 0:00:02] White threatens Qf4 and mate.} Qc2 44. h4 Qb1 45. h5 gxh5 46. Qg5 Qf1 47. Qxh5+ Ke6 48. Qh6+ Kd5 49. Qe3 {[%emt 0:00:07] Black must now prevent Qg1.} Kc6 50. Qf4 Qe2+ 51. Kg1 Qd1+ {[%emt 0:00:00] [#]} 52. Kg2 $1 {[%emt 0:00:01] Intending Qd6+ and mate.} Qe2+ 53. Kh3 Qh5+ 54. Qh4 Qe2 55. Qf6+ Kxc5 56. Qc3+ Kxb6 57. Qd4+ Kc6 58. Qc3+ Kb6 $1 {[%mdl 32768] Weighted Error Value: White=0.15 (very precise) /Black=0.38. An unexpected result.} 1/2-1/2

[Event "Susha Chess Blitz Women 2022"]
[Site "Shusha"]
[Date "2022.09.24"]
[Round "10"]
[White "Efroimski, Marsel"]
[Black "Arabidze, Meri"]
[Result "1-0"]
[ECO "B48"]
[WhiteElo "2462"]
[BlackElo "2422"]
[Annotator "TA"]
[PlyCount "183"]
[EventDate "2022.09.24"]
[EventType "tourn"]
[EventCountry "AZE"]
[SourceTitle "playchess.com"]
[Source "ChessBase"]
[SourceQuality "1"]
[TimeControl "180+2"]

1. e4 c5 2. Nf3 e6 3. d4 cxd4 4. Nxd4 Nc6 5. Nc3 Qc7 6. Be3 a6 7. a3 Nf6 8. f4 d6 9. Qf3 Be7 10. O-O-O {[%emt 0:00:02] B82: Sicilian Scheveningen: 6 f4.} Bd7 11. g4 {[%emt 0:00:05][%cal Bg2g4,Bg4g5][%mdl 32] [#] Hoping for g5.} g6 $146 (11... Nxd4 $11 {keeps the balance.} 12. Rxd4 e5) ({Predecessor:} 11... Nxd4 12. Rxd4 e5 13. Rc4 Bxg4 14. Qxg4 Nxg4 15. Rxc7 Nxe3 16. fxe5 Bg5 17. Kb1 dxe5 18. Rxb7 {0-1 (93) Paravyan,D (2642)-Sochacki,C (2485) Chess.com INT 2021}) 12. g5 $16 {[%emt 0:00:08] White is clearly better.} Nh5 13. f5 Nxd4 14. Rxd4 exf5 (14... d5 $16) 15. Nd5 $18 Qd8 16. Rc4 (16. Bh3 $18 {[%cal Re4f5] has better winning chances.} Bxg5 17. exf5) 16... O-O 17. h4 {[%emt 0:00:23] Strongly threatening exf5.} b5 (17... Rc8 $142) 18. Bb6 {[%emt 0:00:04] White is much more active. The black rooks are badly placed.} (18. Rc7 $16 Qe8 19. exf5) 18... Qe8 $11 19. Rc3 (19. Rd4 $14) 19... Bd8 ({Black should try} 19... fxe4 $15 20. Qe3 Bd8 21. Bxd8 Rxd8) 20. Bxd8 $14 Qxd8 21. exf5 (21. Be2 $5 ) 21... Bxf5 22. Bd3 Bxd3 (22... Be6 $1 $14) 23. Rxd3 (23. Qxd3 $16 Ra7 24. Qe3) 23... f6 $11 24. gxf6 Nxf6 25. Nxf6+ Qxf6 26. Qd5+ Kh8 27. h5 gxh5 (27... g5 $11) 28. Qxh5 $16 Ra7 29. Qd5 Raf7 30. Rhd1 Qe5 $1 31. Qc6 a5 (31... Rf1 $1 $11) 32. Rxd6 (32. Rd5 $1 $16 Qf4+ 33. Kb1) 32... b4 {[%emt 0:00:03] [#]} (32... Rf1 $1 $14) 33. R6d5 (33. a4 $1 $16) 33... Qf4+ (33... Qc7 $11 {remains equal.} 34. Qxc7 Rxc7) 34. Kb1 bxa3 35. Qc3+ ({Weaker is} 35. Rxa5 axb2 36. Qc3+ Qf6 37. Qxf6+ (37. Qxb2 Qxb2+ 38. Kxb2 Rc8 $11) 37... Rxf6 $11) 35... Qf6 36. Qxa3 Rb8 37. Rd6 ({But not} 37. Rxa5 Qf3 38. Qd6 Qf4 39. Qxf4 Rxf4) 37... Qe7 (37... Qe5 38. R6d5 Qf6 39. Rxa5 Qf3) 38. Qc3+ $18 Kg8 39. Qg3+ $2 (39. Rd7 {White wants to mate with Rg1+.} Qxd7 40. Rxd7 Rxd7 41. Qg3+ Kf7 42. Qxb8) 39... Rg7 40. Qc3 ({Better is} 40. Qd3 $18) 40... a4 $2 (40... Rf7 $1 $11 {and Black stays safe.}) 41. Qc4+ Kh8 42. Qxa4 Rbg8 43. Qd4 Qb7 (43... Qa7 {is a better defense.} 44. c4 Qxd4 45. R1xd4 Rg4 46. Rxg4 Rxg4) 44. Qc3 (44. b4 $142) 44... Qa7 $2 (44... Qc7 $18 45. Qd4 Qa7) 45. Rd7 Qb8 46. Rxg7 Rxg7 {[%emt 0:00:00] KQR-KQR} 47. Rd7 Qf8 48. b4 h5 49. Qd4 (49. b5 $142 h4 50. Qd4 h3 51. Rd8 Qg8 52. b6 Qxd8 53. Qxd8+ Kh7 54. Qd3+ Kg8 55. Qxh3) 49... Kh7 50. Qd3+ Kg8 51. Qd5+ Rf7 52. Qg5+ Rg7 {[%emt 0:00:02] [#]} 53. Rxg7+ $1 Qxg7 54. Qxh5 {[%emt 0:00:03] KQ-KQ} Qg1+ 55. Ka2 Qd4 56. Qg6+ Kh8 57. Qe8+ Kh7 58. Qe7+ Kh8 59. Qc5 Qd2 60. Kb3 Qc1 61. Qc3+ Kg8 62. Qc4+ Kh8 63. Qd4+ Kg8 64. Qb2 Qe3+ 65. Qc3 (65. c3 $18 Kf7 66. b5) 65... Qc1 $1 66. Kc4 Qf4+ 67. Qd4 Qf1+ 68. Kc5 (68. Qd3 $142 Qf2 69. Kb3) 68... Qb1 69. c4 Kh7 70. Kd5 (70. b5 $142 Qf5+ 71. Kb6 Qh3 72. Qd6 Kg8 73. c5 Kh8 74. c6 Qf1 75. c7) 70... Qf5+ (70... Qxb4 $18 71. c5 Qb3+ 72. Kd6 Qa3) 71. Qe5 {[%emt 0:00:01] White mates.} Qd3+ 72. Kc5 Qa3 73. Qe4+ Kg7 74. Qe7+ Kh8 75. Kb5 Qd3 76. Qe6 Kh7 77. Kc6 Qf3+ 78. Qd5 Qf6+ 79. Qd6 Qc3 80. Kb5 Qe1 81. c5 Qe2+ 82. Kb6 Qe8 83. c6 Qe3+ 84. Kb7 Qe4 85. b5 Kh8 86. b6 Qf3 87. Kc7 Qf7+ 88. Qd7 Qf4+ 89. Kc8 Qa4 90. b7 Qa6 91. c7 Kg8 92. Kb8 {[%emt 0:00:01] Weighted Error Value: White=0.43/Black=0.53} 1-0